 Dungeon Crawl Stone Soup version 0.18-a0-29-gce27f3c (webtiles) character file.

109 Hanyuu the Insei (level 4, 0/30 HPs)
             Began as an Octopode Transmuter on Nov 4, 2015.
             Slain by a sky beast (6 damage)
             ... on level 3 of the Dungeon.
             The game lasted 00:05:28 (2751 turns).

Hanyuu the Insei (Octopode Transmuter)              Turns: 2751, Time: 00:05:29

Health: 0/30       AC:  2    Str:  9    XL:     4   Next: 89%
Magic:  16/16      EV: 19    Int: 16    God:
Gold:   163        SH:  0    Dex: 17    Spells: 3 memorised, 1 level left

rFire  + . .     SeeInvis .       - Unarmed
rCold  . . .     Clarity  .     (shield currently unavailable)
rNeg   . . .     SustAt   .     (helmet currently unavailable)
rPois  x         Gourm    .     (no amulet)
rElec  .         Spirit   .     i - ring of protection from fire
rCorr  .         Warding  .     t - ring of magical power
rMut   .         Stasis   .     (no ring)
MR     .....                    (no ring)
Stlth  +.........               (no ring)
                                (no ring)
                                (no ring)
                                (no ring)

@: confused, spider-form (expiring), very slightly contaminated, not resistant
to hostile enchantments, very unstealthy
A: almost no armour, amphibious, 8 rings, (constrict 8), (camouflage 0),
(gelatinous body 0)
a: End Transformation


You were on level 3 of the Dungeon.
You were not hungry.
You were a venomous arachnid creature.
You visited 1 branch of the dungeon, and saw 3 of its levels.

You collected 163 gold pieces.

Inventory:

Missiles
 a - 29 arrows
Jewellery
 i - a ring of protection from fire (left front leg)
 t - a ring of magical power (right front leg)
Scrolls
 f - a scroll of recharging {unknown}
 h - a scroll of magic mapping {unknown}
 n - a scroll of enchant weapon {unknown}
 o - 2 scrolls of blinking {unknown}
 p - 2 scrolls of immolation
 q - a scroll of random uselessness {unknown}
 v - a scroll of remove curse {unknown}
 w - a scroll of enchant armour {unknown}
Potions
 d - a potion of brilliance
 k - a potion of magic
 l - a potion of lignification
 m - a potion of resistance
 r - a potion of invisibility {unknown}
 x - a potion of curing {unknown}
Books
 b - a book of Changes

   Spells                             Type                      Level
   a - Beastly Appendage              Transmutation                1
   b - Sticks to Snakes               Transmutation                2
   c - Spider Form                    Transmutation/Poison         3
   d - Ice Form                       Ice/Transmutation            4
   e - Blade Hands                    Transmutation                5
Comestibles
 c - 3 bread rations
 j - 9 fruits
 s - a slice of pizza
 u - a chunk of flesh
 z - a meat ration


   Skills:
 + Level 2.3 Fighting
 - Level 2.0 Dodging
 + Level 4.5 Unarmed Combat
 - Level 2.0 Spellcasting
 + Level 2.4 Transmutations
 - Level 1.0 Poison Magic


You had one spell level left.
You knew the following spells:

 Your Spells              Type           Power        Failure   Level  Hunger
a - Beastly Appendage     Trmt           #.....       24%         1    #......
b - Sticks to Snakes      Trmt           #.........   32%         2    ###....
c - Spider Form           Trmt/Pois      #.........   56%         3    ###....


Dungeon Overview and Level Annotations

Branches:
Dungeon (3/15)

Altars:


Innate Abilities, Weirdness & Mutations

You cannot wear most types of armour.
You are amphibious.
You can wear up to eight rings at the same time.
((You can use your tentacles to constrict eight enemies at once.))
((Your skin changes colour to match your surroundings (Stealth).))
((Your rubbery body absorbs attacks (AC +1).))


Message History

The sky beast barely misses you.
You bite the sky beast!
The sky beast looks even sicker.
The sky beast is moderately wounded.
The sky beast hits you.
* * * LOW HITPOINT WARNING * * *
The sky beast shocks you.
* * * LOW HITPOINT WARNING * * *
You closely miss the sky beast.
The sky beast is heavily wounded.
Your transformation is almost over.
The sky beast closely misses you.
Drink which item? (? for menu, Esc to quit)
You are confused.
You feel invigorated. The sky beast completely misses you.
You bump into the rock wall.
The sky beast flickers out of sight!
Deactivating autopickup; reactivate with Ctrl-A.
Something hits you.
* * * LOW HITPOINT WARNING * * *
Something shocks you.
You die...

#...###..........[.......##
#.....>....####..........#
#...#####..# #..........#
#...# ##.#####........##
#..)# #...##....).)...##
#...# #.#.##...........#
##### #.#.##............
#.#.......).......
#s####.........⌠.. #{#
##...........
#.l..S............#...
#......##########....#
#..%...# ####...####
#....#.# #<........# ..####
.. ...##....... [.. ..
..###....... .. ..#
#..........#


You could see an adder.

Vanquished Creatures
  5 adders
  2 oozes (D:3)
  3 giant geckos
  2 orcs (D:3)
  6 bats
  A giant cockroach (D:2)
  4 goblins
  10 hobgoblins
  7 kobolds
  14 giant newts
  4 rats
58 creatures vanquished.

Notes
Turn   | Place    | Note
--------------------------------------------------------------
     0 | D:1      | Hanyuu the Octopode Transmuter began the quest for the Orb.
     0 | D:1      | Reached XP level 1. HP: 13/13 MP: 3/3
     0 | D:1      | Noticed a vine stalker
     0 | D:1      | Noticed a formicid
     3 | D:1      | Noticed a ghoul
     3 | D:1      | Noticed a draconian
     5 | D:1      | Noticed a vampire
     6 | D:1      | Noticed a vine stalker
    11 | D:1      | Noticed a gargoyle
    11 | D:1      | Noticed a felid
    13 | D:1      | Noticed a felid
    13 | D:1      | Noticed a ghoul
    15 | D:1      | Noticed an ogre
    17 | D:1      | Noticed a minotaur
    17 | D:1      | Noticed a draconian
    19 | D:1      | Noticed a formicid
    19 | D:1      | Noticed a troll
    22 | D:1      | Noticed a gargoyle
   226 | D:1      | Reached XP level 2. HP: 18/18 MP: 5/5
   622 | D:1      | Reached skill level 4 in Unarmed Combat
   633 | D:1      | Reached XP level 3. HP: 19/23 MP: 4/6
  1065 | D:1      | Learned a level 2 spell: Sticks to Snakes
  1069 | D:1      | Learned a level 3 spell: Spider Form
  1249 | D:2      | Reached skill level 1 in Poison Magic
  1446 | D:2      | Reached XP level 4. HP: 17/28 MP: 7/7
  2740 | D:3      | Noticed a sky beast
  2751 | D:3      | Slain by a sky beast

Vault maps used:
D:1:      shiori_arrival_whats_in_store_for_you, minivault_5,
          roderic_serpentine_path, minmay_lizard_king
D:2:      first_bread
D:3:      hangedman_feature_mirror

Action                   |  1- 3 |  4- 6 || total
-------------------------+-------+-------++-------
Melee: Unarmed           |    87 |    50 ||   137
 Cast: Beastly Appendage |     4 |     5 ||     9
       Spider Form       |       |     1 ||     1
  Use: Scroll            |       |     6 ||     6
       Potion            |       |     1 ||     1
 Stab: Sleeping          |     5 |     2 ||     7
  Eat: Chunk             |     2 |     4 ||     6
